 Dungeon Sprint DCSS version 0.32-a0-350-g4f4d228785 (webtiles) character file.

Game seed: 1335668410976506853

24 rocky1 the Basher (level 5, -5/51 HPs)
             Began as a Mountain Dwarf Fighter on Feb 18, 2024.
             Was an Initiate of Gozag.
             Slain by a troll (6 damage)
             ... in the Dungeon (Sprint VI: "Thunderdome").
             The game lasted 00:03:37 (389 turns).

rocky1 the Basher (Mountain Dwarf Fighter)           Turns: 389, Time: 00:03:38

Health: -5/51      AC:  7    Str: 20    XL:     5   Next: 90%
Magic:  5/5        EV:  9    Int:  9    God:    Gozag
Gold:   762        SH:  5    Dex:  9    Spells: 4/4 levels left

rFire   . . .        a - +0 flail
rCold   . . .        c - +0 buckler
rNeg    . . .        b - +0 scale mail
rPois   .            (no helmet)
rElec   .            (no cloak)
rCorr   .            (no gloves)
SInv    .            (no boots)
Will    .....        (no amulet) Stlth
                     (no ring)
HPRegen 0.28/turn    (no ring)
MPRegen 0.09/turn

%: no teleportation
@: lethally poisoned (-5 -> -16)
A: runic magic, artefact enchanting
a: Renounce Religion, Potion Petition, Call Merchant, Bribe Branch


You were in the Dungeon.
You worshipped Gozag.
Gozag was pleased with you.
You visited 1 branch You collected 762 gold pieces.

Inventory:

Hand Weapons
 a - a +0 flail (weapon)
Armour
 b - a +0 scale mail (worn)
 c - a +0 buckler (worn)
Wands
 l - a wand of quicksilver (1)
 m - a wand of roots (1) (quivered)
Scrolls
 j - 4 scrolls of blinking
 n - 3 scrolls of fog
Potions
 d - a potion of might
 f - a potion of heal wounds
 g - 4 potions of haste
 h - 2 potions of magic
 i - a potion of berserk rage
 k - a potion of resistance


   Skills:
 + Level 6.9 Fighting
 * Level 9.1 Maces & Flails
 + Level 7.2 Armour
 + Level 6.8 Shields


You had 4 spell levels left.
You didn't know any spells.
Your spell library was empty.

Dungeon Overview and Level Annotations

Branches:
Dungeon (1/1)

Altars:
Cheibriados
Dithmenos
Fedhas
Gozag
Kikubaaqudgha
Makhleb
Okawaru
Qazlal
Ru
Sif Muna
Trog
Uskayaw
Vehumet
Wu Jian
Xom
Yredelemnul
Zin
The Shining One
Beogh
Lugonu

Shops:
D *[=??*?*:[((!!!!


Innate Abilities, Weirdness & Mutations

Your spellcasting is much less encumbered by armour.
You can use scrolls of enchantment on lesser artefacts.


Message History

The orange demon stings you from afar!
You barely miss the kobold demonologist.
The kobold demonologist is heavily wounded.
The grasping roots constrict the troll.
The grasping roots constrict the orange demon.
The roots release their grip on the troll.
The roots release their grip on the orange demon.
Unknown command.
You completely miss the kobold demonologist.
The kobold demonologist is heavily wounded.
The iguana barely misses you. The orange demon stings you from afar.
You are poisoned.
The orange demon poisons you!
The kobold demonologist hits you but does no damage.
Unknown command.
You hit the kobold demonologist but do no damage.
The kobold demonologist is heavily wounded. 50...
You feel very sick.
The iguana bites you but does no damage.
The orange demon stings you from afar!
The kobold demonologist begins to cast a cantrip, but forgets the words!
The troll completely misses you. The troll claws you!
* * * LOW HITPOINT WARNING * * *
The troll claws you.
* * * LOW HITPOINT WARNING * * *
The iguana completely misses you.
The kobold demonologist hits you but does no damage.
You block the orange demon's attack.
You hit the kobold demonologist.
The kobold demonologist is heavily wounded.
* * * LOW HITPOINT WARNING * * *
You feel very sick.
Unknown command.
You hit the kobold demonologist.
The kobold demonologist is heavily wounded.
* * * LOW HITPOINT WARNING * * *
You feel sick. The troll bites you.
You die...
Your body crumbles into a pile of gold.

#_......._ #_......._
###.........
#⌠..........
######.ß.........
##∩___......###.).
###∩........ß.# #.ß.
##4T...........###...
#⌠.K@.......###...###
#§.l........# #.<.# #
#§..........###...###
##.............###...
###∩........ß.# #.ß.
##∩.__....).###...
######.ß.........
#⌠..........
###.....[...


You could see an orange demon (summoned), a kobold demonologist, a troll and an
iguana.

Vanquished Creatures
  Sigmund (D)
  A scorpion (D)
  A river rat (D)
  An orc (D)
  A kobold (D)
  2 quokkas (D)
  A frilled lizard (D)
  2 rats (D)
10 creatures vanquished.

Notes
Turn   | Place    | Note
-------+----------+-------------------------------------------
     0 | D        | rocky1 the Mountain Dwarf Fighter began the quest for the
                  | Orb.
     0 | D        | Reached XP level 1. HP: 19/19 MP: 1/1
     3 | D        | Found a radiant altar of Vehumet.
     3 | D        | Found a shimmering blue altar of Sif Muna.
     4 | D        | Found a shimmering altar of Xom.
     4 | D        | Found a basalt altar of Yredelemnul.
     5 | D        | Found an ornate altar of the Wu Jian Council.
     5 | D        | Round 1.
     6 | D        | Found Omnyrus's Timeless Talismans.
     6 | D        | Found a stormy altar of Qazlal.
     6 | D        | Found a sacrificial altar of Ru.
     6 | D        | Found Durahah's Identification Station.
     7 | D        | Found Wotho's Jewellery.
     7 | D        | Found Watepese's Advanced Armour.
    11 | D        | Found an opulent altar of Gozag.
    12 | D        | Found a burning altar of Makhleb.
    13 | D        | Found an iron altar of Okawaru.
    13 | D        | Found a glowing golden altar of the Shining One.
    13 | D        | Found a hide-covered altar of Uskayaw.
    13 | D        | Found Fuggar's Premium Goods.
    13 | D        | Found Nywutryb's Weapon Rack.
    14 | D        | Found Oxzadir's Miscellaneous Merchandise.
    14 | D        | Found Eceunow's Basic Armour.
    20 | D        | Became a worshipper of Gozag Ym Sagoz the Greedy
    25 | D        | Found a corrupted altar of Lugonu.
    26 | D        | Found an ancient bone altar of Kikubaaqudgha.
    35 | D        | Found a bloodstained altar of Trog.
    36 | D        | Found Haibimunn's Do-It-Yourself Clinic.
    37 | D        | Found Jasok's Bottled Wisdom.
    37 | D        | Found Haoreed's Distillery.
    39 | D        | Found a shadowy altar of Dithmenos.
    39 | D        | Found Deutiffy's Distillery.
    45 | D        | Found a roughly hewn altar of Beogh.
    47 | D        | Found a snail-covered altar of Cheibriados.
    49 | D        | Found a glowing silver altar of Zin.
    50 | D        | Found Qelineoch's Staff Store.
    52 | D        | Found a blossoming altar of Fedhas.
    52 | D        | Found Wyrghon's Magic Scroll Shop.
    54 | D        | Found Joeloomo's Must-Have Magic.
    54 | D        | Found Hihir's Magic Scroll Shop.
    88 | D        | Reached XP level 2. HP: 26/27 MP: 2/2
    95 | D        | Noticed a scorpion
   101 | D        | Noticed Sigmund
   107 | D        | Killed a scorpion
   108 | D        | Reached skill level 5 in Fighting
   108 | D        | Reached skill level 5 in Maces & Flails
   108 | D        | Reached skill level 5 in Armour
   108 | D        | Reached XP level 3. HP: 9/36 MP: 3/3
   119 | D        | Killed Sigmund
   119 | D        | Arena points: 14 (+14) [x2]
   120 | D        | Reached skill level 9 in Maces & Flails
   120 | D        | Reached XP level 4. HP: 13/45 MP: 4/4
   120 | D        | Reached XP level 5. HP: 15/51 MP: 5/5
   171 | D        | Round 2.
   366 | D        | Arena points: 24 (+10) [x1]
   381 | D        | Round 3.
   381 | D        | Noticed a troll
   382 | D        | Noticed a kobold demonologist
   383 | D        | Noticed an orange demon
   388 | D        | HP: 2/51 [poisoned by an orange demon]
   389 | D        | Slain by a troll

Illustrated notes

Levels and vault maps discovered:
D:        arena_sprint

Skill      XL: |  1  2  3 |
---------------+----------+-----
Armour         | 4 5 7 |  7.2
Fighting       | 4 5 6 |  6.9
Maces & Flails | 5 9 |  9.1
Shields        | 4 6 |  6.8

Action                     |  1- 3 |  4- 6 || total
---------------------------+-------+-------++-------
  Melee: Flail             |    24 |    15 ||    39
  Evoke: Wand              |     6 |     2 ||     8
    Use: Potion            |     4 |       ||     4
 Armour: Scale mail        |    26 |    13 ||    39
  Dodge: Dodged            |    10 |     4 ||    14
  Block: Buckler           |     6 |     2 ||     8

Table legend: (Time is in decaauts)
 A = Elapsed time spent in this place.
 B = Non-inter-level travel time spent in this place.
 C = Inter-level travel time spent in this place.
 D = Time resting spent in this place.
 E = Time spent auto-exploring this place.
 F = Levels seen in this place.
 G = Mean time per level.
                   A        B        C        D        E       F      G
               +--------+--------+--------+--------+--------+-----+--------+
         Total |    395 |    395 |      0 |     55 |      0 |   1 |  395.0 |
       Dungeon |    395 |    395 |      0 |     55 |      0 |   1 |  395.0 |
               +--------+--------+--------+--------+--------+-----+--------+

Top non-repeatable levels by time:
       D: 395 daAuts
